 Dungeon Crawl Stone Soup version 0.28-a0-1227-ga9037bb4c8 (webtiles) character file.

Game seed: 9935018764607110421

22 ChaosChampion the Insei (level 2, 18/18 HPs)
             Began as an Octopode Transmuter on Dec 22, 2021.
             Was a Follower of Elyvilon.
             Quit the game on level 1 of the Dungeon.
             The game lasted 00:00:58 (1032 turns).

ChaosChampion the Insei (Octopode Transmuter)       Turns: 1032, Time: 00:00:59

Health: 18/18      AC:  1    Str:  9    XL:     2   Next: 91%
Magic:  5/5        EV: 13    Int: 15    God:    Elyvilon [*.....]
Gold:   32         SH:  0    Dex: 12    Spells: 4/5 levels left

rFire   . . .      SeeInvis .     - Unarmed
rCold   . . .      Faith    .   (no shield)
rNeg    . . .      Spirit   .   (helmet restricted)
rPois   .          Reflect  .   (no amulet)
rElec   .          Harm     .   (no ring)
rCorr   .          Rampage  .   (no ring)
Will    .....                   (no ring)
Stlth   ++........              (no ring)
HPRegen 0.06/turn               (no ring)
MPRegen 0.09/turn               (no ring)
                                (no ring)
                                (no ring)

@: no status effects
A: almost no armour, amphibious, 8 rings, camouflage 1, gelatinous body 1,
(nimble swimmer 1), tentacles
a: Renounce Religion, Purification


You were on level 1 of the Dungeon.
You worshipped Elyvilon.
Elyvilon was aware of your devotion.
You visited 1 branch of the dungeon, and saw 1 of its levels.

You collected 32 gold pieces.

Inventory:

Scrolls
 c - a scroll of amnesia {unknown}
 e - a scroll of identify {unknown}
 f - a scroll of enchant armour {unknown}
Potions
 a - 4 potions of curing {unknown}
 b - a potion of haste {unknown}
 d - a potion of heal wounds {unknown}


   Skills:
 - Level 1.0 Fighting
 - Level 2.0 Dodging
 * Level 3.7 Unarmed Combat
 - Level 2.0 Spellcasting
 + Level 2.4 Transmutations


You had 4 spell levels left.
You knew the following spells:

 Your Spells              Type           Power      Damage    Failure   Level
a - Beastly Appendage     Tmut           16%        N/A       9%          1

Your spell library contained the following spells:

 Spells                   Type           Power      Damage    Failure   Level
 Wereblood                Tmut           8%         N/A       12%         2
 Spider Form              Tmut/Pois      5%         N/A       38%         3
 Ice Form                 Ice/Tmut       5%         N/A       80%         4


Dungeon Overview and Level Annotations

Branches:
Dungeon (1/15)

Altars:
Elyvilon


Innate Abilities, Weirdness & Mutations

You cannot wear most types of armour.
You are amphibious.
You can wear up to eight rings at the same time.
Your skin changes colour to match your surroundings (Stealth+).
Your rubbery body absorbs attacks. (AC +1, EV +1)
((You are camouflaged when in or above water. (Stealth+)))
You have tentacles for arms and can constrict up to eight enemies at once.


Message History

No target in view!
No target in view!
No target in view!
You see here a rat corpse.
A ball python comes into view.
A ball python is nearby!
A ball python is nearby!
A giant cockroach comes into view.
Found a glowing robe.
The ball python hisses angrily.
The ball python barely misses you. x2
You tentacle-slap the ball python. Your grab misses the ball python.
The ball python is moderately wounded.
The ball python bites you. The ball python closely misses you.
The giant cockroach misses you.
You closely miss the ball python. You grab the ball python.
You tentacle-slap the ball python. You squeeze the ball python.
You kill the ball python!
The giant cockroach bites you.
You closely miss the giant cockroach. You grab the giant cockroach.
You constrict the giant cockroach. The giant cockroach bites you.
You tentacle-slap the giant cockroach but do no damage.
You constrict the giant cockroach. The giant cockroach barely misses you.
You barely miss the giant cockroach.
Your squeeze misses the giant cockroach.
The giant cockroach is heavily wounded.
You constrict the giant cockroach. The giant cockroach closely misses you.
You barely miss the giant cockroach.
The giant cockroach is severely wounded.
You constrict the giant cockroach.
You kill the giant cockroach!
No target in view!
No target in view!
There is an open door here.
Done exploring.
Done exploring.
No target in view!
Done exploring.
Done exploring.
Are you sure you want to abandon this character and quit the game? (Confirm with "yes".)

####### #.....# #.....#
#####.....# #### #.......@.#
#... #........########## #...
#........# #......####...
#........###.####........
#........'...............
#........###.##.#.#..#...
########.†...#####............#
#........#.#.>.................
#........#.#..#.##......##.#...


There were no monsters in sight!

Vanquished Creatures
  2 dart slugs (D:1)
  2 bats (D:1)
  An endoplasm (D:1)
  A giant cockroach (D:1)
  2 goblins (D:1)
  2 hobgoblins (D:1)
  2 kobolds (D:1)
  A ball python (D:1)
  A frilled lizard (D:1)
  3 rats (D:1)
17 creatures vanquished.

Notes
Turn   | Place    | Note
-------+----------+-------------------------------------------
     0 | D:1      | ChaosChampion the Octopode Transmuter began the quest for
                  | the Orb.
     0 | D:1      | Reached XP level 1. HP: 13/13 MP: 3/3
   149 | D:1      | Reached XP level 2. HP: 4/18 MP: 5/5
   688 | D:1      | Found a faded altar of an unknown god.
   705 | D:1      | Prayed at the altar of an unknown god.
   705 | D:1      | Became a worshipper of Elyvilon the Healer
   705 | D:1      | Reached * piety under Elyvilon
  1032 | D:1      | Quit the game

Illustrated notes

Levels and vault maps discovered:
D:1:      amcnicky_arrival_abandoned_market, layout_basic,
          shapermc_ecumenical_altar_notcrosses

Action                   || total
-------------------------++-------
Melee: Unarmed           ||    35
       Constrict         ||    10
       Tentacles         ||     4
       Kick              ||     4
       Punch             ||     1
 Cast: Beastly Appendage ||     2
 Stab: Sleeping          ||     4
Armor: Skin              ||     5
Dodge: Dodged            ||    27

Table legend: (Time is in decaauts)
 A = Elapsed time spent in this place.
 B = Non-inter-level travel time spent in this place.
 C = Inter-level travel time spent in this place.
 D = Time resting spent in this place.
 E = Time spent auto-exploring this place.
 F = Levels seen in this place.
 G = Mean time per level.
                   A        B        C        D        E       F      G
               +--------+--------+--------+--------+--------+-----+--------+
         Total |   1029 |   1029 |      0 |    179 |    681 |   1 | 1029.0 |
       Dungeon |   1029 |   1029 |      0 |    179 |    681 |   1 | 1029.0 |
               +--------+--------+--------+--------+--------+-----+--------+

Top non-repeatable levels by time:
     D:1: 1029 daAuts
